Cogmind - Beta 15 @@@ ROGUE MODE // 2025.09.18 @ 23:45:12 Player: cottonman132 Result: Destroyed by SF-DHT(R) with Subdweller Laser Performance ------------- Evolutions (0) 0 Regions Visited (2) 400 Robots Destroyed (26) 130 Value Destroyed (558) 558 Prototype IDs (0) 0 Alien Tech Used (0) 0 Bonus (0) 0 TOTAL SCORE: 1088 Bonus ------- None Cogmind --------- Core Integrity 0/250 Matter 300/300 Energy 100/100 System Corruption 0% Temperature Cool (6) Movement Core (200) Ox3 Location -10/Subcaves Parts ------- > --- POWER (1) -------- (None) > --- PROPULSION (2) --- (None) > --- UTILITY (2) ------ Medium Storage Unit > --- WEAPON (2) ------- Hammer > --- INVENTORY (10) --- Ion Engine Ion Engine Aluminum Leg Aluminum Leg Aluminum Leg Large Storage Unit Peak State ------------ > --- POWER ------------ Light Ion Engine > --- PROPULSION ------- Compact Wheel Compact Wheel > --- UTILITY ---------- Improved Heat Sink Small Storage Unit > --- WEAPON ----------- Medium Laser Medium Laser > --- INVENTORY -------- Ion Engine Aluminum Leg Aluminum Leg Wheel Wheel Large Storage Unit Seismic Detector Assault Rifle [Rating: 9] Favorites ----------- Power Ion Engine Engine Ion Engine Propulsion Aluminum Leg Leg Aluminum Leg Wheel Compact Wheel Utility Small Storage Unit Device Seismic Detector Storage Small Storage Unit Processor Visual Processing Unit Weapon Medium Laser Energy Gun Medium Laser Ballistic Gun Assault Rifle Impact Weapon Hammer Build | -11 -10 -10 ------- Run | Yrd Mat Sub Slots Evolved . | . . . Power . | . . . Propulsion . | . . . Utility . | . . . Weapon . | . . . Parts Attached 17 | 8 9 . Power 3 | 1 2 . Engine 3 | 1 2 . Core . | . . . Reactor . | . . . Propulsion 5 | 2 3 . Treads . | . . . Leg 2 | . 2 . Wheel 3 | 2 1 . Hover . | . . . Flight . | . . . Utility 5 | 2 3 . Device 2 | 1 1 . Storage 2 | 1 1 . Processor 1 | . 1 . Hackware . | . . . Protection . | . . . Artifact . | . . . Weapon 4 | 3 1 . Energy Gun 2 | 2 . . Energy Cannon . | . . . Ballistic Gun 1 | 1 . . Ballistic Cannon . | . . . Launcher . | . . . Special Weapon . | . . . Impact Weapon 1 | . 1 . Slashing Weapon . | . . . Piercing Weapon . | . . . Special Melee Weapon . | . . . Unidentified Prototypes . | . . . Parts Lost 7 | . 3 4 Power 3 | . 2 1 Propulsion 2 | . . 2 Utility 2 | . 1 1 Weapon . | . . . Highest Loss Streak 4 | . 2 4 To Critical Strikes . | . . . Average Backups 4 | 3 5 6 Power . | . . 2 Propulsion 2 | 2 2 3 Utility . | . 1 1 Weapon . | . . . Tool/Special . | . . . Unused Backups 7 | . 1 6 Power 2 | . . 2 Propulsion 4 | . 1 3 Utility 1 | . . 1 Weapon . | . . . Tool/Special . | . . . Average Slot Usage (%) 86 | . 87 81 Engine 13 | . 13 14 Leg 19 | . 19 24 Wheel 8 | . 8 . Device 7 | . 8 . Storage 14 | . 14 14 Processor 5 | . 4 14 Energy Gun 8 | . 8 . Impact Weapon 10 | . 9 14 Peak Build Rating 9 | 7 9 7 Average Rating 6 | 5 6 6 On Entrance 4 | . 7 7 Naked Turns . | . . . Heaviest Build 17 | 13 17 17 Greatest Support 32 | 32 32 20 Greatest Overweight (x) 2 | 2 . . Average Overweight (x) . | . . . Largest Inventory Capacity 10 | 8 10 10 Average Capacity 8 | 7 8 10 Most Carried 8 | 6 8 6 Average Carried 4 | 3 5 6 Final Capacity 10 | 8 10 10 Final Carried 6 | 5 6 6 Class Distribution -------------------- 100% | Mutant Dominant Class ---------------- Mutant | -10/Materials Mutant | -10/Subcaves Resources | -11 -10 -10 ----------- Run | Yrd Mat Sub Matter Collected 401 | 311 90 . Remotely . | . . . Salvage Created 869 | 138 731 . Parts 38 | 17 21 . Haulers Intercepted 1 | . 1 . Recyclers Shooed 2 | 1 1 . Parts Field Recycled . | . . . Retrieved Matter . | . . . Parts Self-Destructed 2 | . . 2 Prevented . | . . . Kills | -11 -10 -10 ------- Run | Yrd Mat Sub Combat Hostiles Destroyed 11 | . 11 . Melee 4 | . 4 . Guns 4 | . 4 . Classes Destroyed 7 | 2 5 . Worker 2 | 2 . . Tunneler 6 | 5 1 . Hauler 1 | . 1 . Recycler 1 | . 1 . Operator 2 | . 2 . Watcher 3 | . 3 . Grunt 11 | . 11 . Best Kill Streak 4 | 4 3 . Combat Bots Only 2 | . 2 . Max Kills in Single Turn 1 | 1 1 . Gunslinging . | . . . Exploded . | . . . Melee 1 | . 1 . Uniques/NPCs Destroyed . | . . . Combat | -11 -10 -10 -------- Run | Yrd Mat Sub Hostile Shots Fired 75 | . 56 19 Missed 19 | . 15 4 Hits 56 | . 41 15 Projectile 56 | . 41 15 Damage Taken 866 | . 519 347 Core 251 | . 160 91 Absorbed by Shields . | . . . Core Remaining (%) 100 | 100 . . Volleys Fired 55 | 25 30 . Largest 2 | 2 2 . Hottest 100 | 100 100 . Shots Fired 103 | 43 60 . Gun 103 | 43 60 . Cannon . | . . . Launcher . | . . . Special . | . . . Kinetic 7 | 7 . . Thermal 96 | 36 60 . Explosive . | . . . Electromagnetic . | . . . Robot Hit Streak 10 | 10 10 . Robot Miss Streak 4 | 2 4 . Penetration Max . | . . . Secondary Targets . | . . . Shots Hit Robots 93 | 28 61 4 Core Hits 27 | 7 20 . Critical Kills 2 | . 2 . Critical Parts Destroyed 6 | . 6 . Critical Strikes 11 | 1 10 . Burn 3 | 1 2 . Smash 8 | . 8 . Melee Attacks 33 | . 28 5 Impact 33 | . 28 5 Slashing . | . . . Piercing . | . . . Sneak Attacks 5 | . 5 . Combat Hostiles . | . . . Follow-up Attacks . | . . . Damage Inflicted 1668 | 340 1241 87 Guns 856 | 340 516 . Cannons . | . . . Explosions . | . . . Melee 812 | . 725 87 Ramming . | . . . Kinetic 54 | 54 . . Thermal 802 | 286 516 . Explosive . | . . . Electromagnetic . | . . . Impact 812 | . 725 87 Slashing . | . . . Piercing . | . . . Highest Corruption . | . . . Average Corruption . | . . . Corruption Purged . | . . . Corruption Blocked . | . . . Overload Shots . | . . . Overflow Damage 295 | . 295 . Projectiles . | . . . Explosions . | . . . Melee 295 | . 295 . Knockbacks 5 | . 5 . Impact 5 | . 5 . Kinetic . | . . . Secondary . | . . . Self-Inflicted Damage . | . . . Shots . | . . . Rammed . | . . . Targets Rammed . | . . . Kicked . | . . . Crushed . | . . . Highest Temperature 231 | 156 231 . Average Temperature 69 | 57 79 . Received Heat Transfer 390 | . 288 102 Effects 1 | . 1 . Interference 1 | . 1 . Siege Activations . | . . . Martial Activations . | . . . Shielding Activations . | . . . Robots Disrupted . | . . . Combat Hostiles . | . . . Robots Corrupted 5 | . 5 . Combat Hostiles 2 | . 2 . Parts Fried 8 | . 8 . Impact Corruptions 12 | . 12 . Robots Melted 1 | . 1 . Combat Hostiles 1 | . 1 . Parts Melted 6 | . 6 . Heat Transferred 2590 | 925 1665 . Parts Sabotaged . | . . . Parts Stolen . | . . . Parts Stripped . | . . . Power Chain Reactions . | . . . Alert | -11 -10 -10 ------- Run | Yrd Mat Sub Maximum Alert Level . | . . . Low Security (%) 100 | 100 100 . Level 1 . | . . . Level 2 . | . . . Level 3 . | . . . Level 4 . | . . . Level 5 . | . . . High Security . | . . . Max Security . | . . . Peak Influence 70 | 10 70 . Initial . | . . . Average 19 | 1 23 . Influence Increases 384 | 35 349 . Destroy 0b10 Robot/C 220 | . 220 . Destroy 0b10 Robot/NC 75 | 35 40 . Destroy Leader 68 | . 68 . Successful Hack 15 | . 15 . Destroy Structure 6 | . 6 . Influence Decreases 384 | 35 349 . Time Decay 354 | 35 319 . Lost Part 30 | . 30 . Squads Dispatched 3 | . 3 . Investigation 1 | . 1 . Extermination . | . . . Reinforcement 2 | . 2 . Assault . | . . . Garrison . | . . . Intercept . | . . . Searches Triggered . | . . . Construction Impeded . | . . . Haulers Reinforced . | . . . Active Scanning Responses . | . . . Cargo Convoy Interrupts . | . . . Stealth | -11 -10 -10 --------- Run | Yrd Mat Sub Distress Signals . | . . . Communications Jammed . | . . . Distress Signals . | . . . Times Spotted 20 | . 16 4 Peak Tracking Total 4 | . 3 4 Tactical Retreats . | . . . Traps | -11 -10 -10 ------- Run | Yrd Mat Sub Traps Triggered . | . . . Indirectly . | . . . Trap Hack Attempts . | . . . Triggered . | . . . Disarmed . | . . . Reprogrammed . | . . . Reused . | . . . Traps Extracted . | . . . Installed . | . . . Triggered . | . . . Machines | -11 -10 -10 ---------- Run | Yrd Mat Sub Machines Disabled . | . . . Max in Single Turn . | . . . Machines Repaired . | . . . Machines Dismantled . | . . . Machines Sabotaged . | . . . Overloaded Fab Kills . | . . . Hacking | -11 -10 -10 --------- Run | Yrd Mat Sub Machines Accessed 6 | . 6 . Terminals 4 | . 4 . Fabricators . | . . . Repair Stations . | . . . Recycling Units 2 | . 2 . Scanalyzers . | . . . Garrison Access . | . . . Total Hacks 12 | . 12 . Successful 7 | . 7 . Failed 5 | . 5 . Catastrophic . | . . . Database Lockouts . | . . . Manual . | . . . Terminals 9 | . 9 . Fabricators . | . . . Repair Stations . | . . . Recycling Units 3 | . 3 . Scanalyzers . | . . . Garrison Access . | . . . Terminal Hacks 5 | . 5 . Robot Analysis 1 | . 1 . Emergency Access Points 1 | . 1 . Alert Level 1 | . 1 . Zone Layout 2 | . 2 . Fabricator Hacks . | . . . Repair Station Hacks . | . . . Recycling Unit Hacks 2 | . 2 . Report Inventory 2 | . 2 . Scanalyzer . | . . . Garrison Access Hacks . | . . . Unauthorized Hacks . | . . . Terminals . | . . . Fabricators . | . . . Repair Stations . | . . . Recycling Units . | . . . Scanalyzers . | . . . Garrison Access . | . . . Data Cores Recovered . | . . . Used . | . . . Hacking Detections 3 | . 3 . Full Trace Events . | . . . Feedback Events . | . . . Feedback Blocked . | . . . Robot Schematics Acquired . | . . . Robots Built . | . . . Authchips . | . . . Time . | . . . Total Robot Build Rating . | . . . Part Schematics Acquired . | . . . Parts Built . | . . . Authchips . | . . . Time . | . . . Total Part Build Rating . | . . . Parts Repaired . | . . . Time . | . . . Parts Recycled . | . . . Recycled Matter . | . . . Retrieved Matter . | . . . Retrieved Components . | . . . Parts Scanalyzed . | . . . Part Schematics Acquired . | . . . Parts Damaged . | . . . Bothacking | -11 -10 -10 ------------ Run | Yrd Mat Sub Used RIF Installer . | . . . Robots Hacked . | . . . Non-combat . | . . . Combat . | . . . Robot Hacks Applied . | . . . Relay Couplers Released . | . . . Fabnet Peak Effective % . | . . . Robots Rewired . | . . . Allies Hacked . | . . . Hacks Repelled . | . . . Allies | -11 -10 -10 -------- Run | Yrd Mat Sub Total Allies . | . . . Largest Group . | . . . Highest-Rated Group . | . . . Highest-Rated Ally . | . . . Total Orders . | . . . Ally Attacks . | . . . Total Damage . | . . . Kills . | . . . Allies Corrupted . | . . . Allies Melted . | . . . Intel | -11 -10 -10 ------- Run | Yrd Mat Sub Active Infowar (turns) 787 | 5 708 74 Optics 374 | . 300 74 Seismic 413 | 5 408 . Robot Analysis Total 1 | . 1 . Derelict Logs Recovered . | . . . Drone Launches . | . . . Drone Recoveries . | . . . Exploration | -11 -10 -10 ------------- Run | Yrd Mat Sub Turns Passed 1252 | 223 954 75 Spaces Moved 785 | 142 616 27 Core 19 | 19 . . Treads . | . . . Legs 478 | . 451 27 Wheels 288 | 123 165 . Hover . | . . . Flight . | . . . Fastest Speed 50 | 50 90 120 Average Speed 110 | 94 113 120 Slowest Speed 150 | 150 120 120 Overloaded Moves . | . . . Propulsion Burnouts . | . . . Robots Hopped . | . . . Potential Cave-ins . | . . . Cave-ins Triggered . | . . . Exploration Rate (%) 35 | 6 96 3 Regions Visited 2 Branch Regions 1 Pre-discovered Areas . | . . . Known Exits Taken . | . . . Unknown Exits Taken 2 | 1 1 . Scrap Searched . | . . . Spaces Dug 4 | . 4 . Terrain Destroyed 4 | . 4 . Melee 4 | . 4 . Projectile . | . . . AOE . | . . . Terrain Rammed . | . . . Walls Destroyed . | . . . Machines Disabled . | . . . Actions | -11 -10 -10 --------- Run | Yrd Mat Sub Total 1011 | 187 763 61 Wait 88 | . 59 29 Move 783 | 141 615 27 Hop . | . . . Pick Up 24 | 12 12 . Fast Attach . | . . . Attach 12 | 7 5 . Detach . | . . . Swap 7 | 2 5 . Drop 9 | . 9 . Fire 55 | 25 30 . Melee 33 | . 28 5 Ram . | . . . Kick . | . . . Crush . | . . . Escape Stasis . | . . . Rewire . | . . . Trap . | . . . Miscellaneous . | . . . Route ------- -11/Scrapyard -10/Materials (discovered 6 exits: [*Mat x3] / [*Min x2] / [*Sub]) -10/Subcaves History --------- Turn | Location | Event 9 | -11/Scrapyard | Discovered new exit (range 15) 224 | -11/Scrapyard | Entered Materials 316 | -10/Materials | Build established: Mutant 527 | -10/Materials | Discovered new exit (range 8) 572 | -10/Materials | Discovered new exit (range 9) 737 | -10/Materials | Core integrity fell below 50% 794 | -10/Materials | Discovered new exit (range 10) 920 | -10/Materials | Discovered new exit (range 17) 1045 | -10/Materials | Discovered new exit (range 16) 1169 | -10/Materials | Discovered new exit (range 9) 1178 | -10/Materials | Entered Subcaves 1179 | -10/Subcaves | Approached by a straggling Scientist 1251 | -10/Subcaves | Core integrity fell below 20% 1253 | -10/Subcaves | Destroyed by SF-DHT(R) with Subdweller Laser Last Messages --------------- 01132_ U-05 Engineer system corrupted by crushing effect. 01139_ ALERT: Alarm triggered, dispatching investigation squad. 01169_ EXIT=FOUND LOCATION=UNKNOWN AMBIENT_HEAT=-10 GOAL=ESCAPE 01179_ BF-GOD(c): "Thank the algorithms! I was beginning to lose hope I'd never make it past all the Subs lurking out here." 01182_ BF-GOD(c): "Hey, let me tag along and I can get us both out of this nasty situation. At least I think I can... The group I got separated from was talking about a shortcut back to the UFD." 01215_ BF-GOD(c) destroyed. 01246_ Aluminum Leg destroyed. 01252_ Ion Engine destroyed. 01252_ Visual Processing Unit destroyed. Map ----- +----------------------------------------------------+ | ?????????????????????????????????????????????????? | | ?????????????????????????????????????????????????? | | ?????????????????????????????????????????????????? | | ?????????????????????????????????????????????????? | | ?????????????????????????????????????????????????? | | ?????????????????????????????????????????????????? | | ?????????????????????????????????????????????????? | | ?????????????????????????????????????????????????? | | ?????????????????????????????????????????????????? | | ?????????????????????????????????????????????????? | | ?????????????????????????????????????????????????? | | ?????????????????????????????????????????????????? | | ?????????????????????????????????????????????????? | | ?????????????????????????????????????????????????? | | ?????????????????????????????????????????????????? | | ??????????????????????#####??????????????????????? | | ?????????????????????## #????????####? ##??????? | | ?????????????????????# ##??????? # ####???? | | ??????????"??????????# ######## " $$"??? | | ???????????" ??????## "" ???? | | ????????????## ##### "#????? | | ????????????#"""" # # " "?? | | ????????????""""" ###### % "#????? | | ??????????? """" ## R;#### " ???? | | ??????????? ""#" ##?# # R #" ?? | | ???????????? ????# @ #?? ??? | | ?????????? ????# R## ##???? ??? | | ????????# ????# ########??????? ???? | | ????????# ###?????##### ##???????????????? ????? | | ????????##?????????????###???????????????????????? | | ?????????????????????????????????????????????????? | | ?????????????????????????????????????????????????? | | ?????????????????????????????????????????????????? | | ?????????????????????????????????????????????????? | | ?????????????????????????????????????????????????? | | ?????????????????????????????????????????????????? | | ?????????????????????????????????????????????????? | | ?????????????????????????????????????????????????? | | ?????????????????????????????????????????????????? | | ?????????????????????????????????????????????????? | | ?????????????????????????????????????????????????? | | ?????????????????????????????????????????????????? | | ?????????????????????????????????????????????????? | | ?????????????????????????????????????????????????? | | ?????????????????????????????????????????????????? | | ?????????????????????????????????????????????????? | | ?????????????????????????????????????????????????? | | ?????????????????????????????????????????????????? | | ?????????????????????????????????????????????????? | | ?????????????????????????????????????????????????? | +----------------------------------------------------+ Best States ------------- Heat Dissipation 39 Energy Generation 10 Energy Capacity 250 Matter Stores 300 Matter Capacity 300 Sight Range 18 Terrain Scan Density 10 Evasion (%) 55 Item Schematics ----------------- None Robot Schematics ------------------ None Fabricated ------------ Nothing Repaired ---------- Nothing Alien Tech Used ----------------- None Achievements -------------- None Challenges ------------ None Game ------ Seed VampiricGreatBallwheel Manual? 0 Play Time 00:11:07 Cumulative 14.0 hours Start 2025.09.18 @ 23:34:30 End 2025.09.18 @ 23:45:12 Sessions 1 Manual Loads 0 Difficulty Rogue Special Mode None Game No. 45 Rogue 45 Adventurer 0 Explorer 0 Win Type - Total 0 Types 0/0/0/0/0/0/0/0/0/0 Lore% 24 Gallery% 15 Achievement% 17 Wizard Run 0 Options --------- Layout 2 ASCII 0 Keyboard 0 Movement Mouse Keybinds 0 Fullscreen 1 Font 24/Smallcaps Map View 50x44 Zoom Use 0% Tactical HUD 1 Map Filters NONE Filters NONE Steam 1 RUN: 152b3655-b152-4731-8b12-b44545e0594c